Map: Complesso Moebius XX-1

Players

Anıl

  • Race: Protoss Protoss

ALx

  • Race: Protoss Protoss

atreides

  • Race: Terran Terran

Jhyrachy

  • Race: Zerg Zerg
  • League: Silver

StevieWonder - Winner!

  • Race: Zerg Zerg

nctom - Winner!

  • Race: Terran Terran

VLxALEX - Winner!

  • Race: Protoss Protoss

Alari - Winner!

  • Race: Terran Terran

VOD

Have the link to the VOD?

Description

Time

  • Played on: March 28, 2016, 1:41 p.m.
  • Length: 13:36
Show
View Real Time Build Order
Export as new Build Order

Anıl Protoss 

Build Orders:  

Get SALT Encoding   

  12  0:02  Probe (Chrono Boost)  
  13  0:31  Pylon  
  13  0:44  Probe (Chrono Boost)  
  14  0:51  Forge  
  14  0:53  Gateway  
  14  0:54  Probe (Chrono Boost)  
  15  1:19  Assimilator, Probe (Chrono Boost)  
  16  1:30  Probe (Chrono Boost)  
  17  1:40  Probe (Chrono Boost)  
  17  1:41  Zealot (Chrono Boost)  
  20  1:52  Probe  
  20  2:30  Probe  
  20  2:33  Assimilator  
  20  2:34  Photon Cannon  
  20  2:35  Pylon  
  21  2:39  Pylon  
  21  2:42  Probe  
  22  2:45  Pylon  
  22  2:52  Photon Cannon  
  22  2:54  Pylon  
  22  2:55  Probe  
  23  2:59  Photon Cannon  
  23  3:07  Probe  
  23  3:10  Cybernetics Core  
  24  3:17  Photon Cannon  
  24  3:19  Probe  
  25  3:35  Nexus  
  25  3:52  Protoss Shields Level 1 (Chrono Boost)  
  25  4:00  Assimilator  
  25  4:04  Assimilator  
  25  4:25  Pylon  
  25  4:29  Pylon  
  25  4:41  Cybernetics Core  
  25  5:20  Protoss Air Armor Level 1  
  25  5:21  Protoss Air Weapons Level 1  
  25  5:41  Stargate  
  25  5:42  Stargate  
  25  5:44  Stargate  
  25  5:45  Probe x2  
  27  5:51  Pylon  
  27  5:56  Probe, Pylon  
  27  5:57  Probe  
  29  6:06  Probe  
  29  6:09  Probe  
  31  6:17  Probe  
  31  6:20  Nexus  
  31  6:21  Probe  
  31  6:25  Assimilator  
  33  6:27  Assimilator, Probe  
  34  6:33  Probe, Pylon  
  34  6:34  Pylon  
  35  6:50  Pylon  
  35  6:52  Pylon  
  35  6:54  Pylon  
  35  8:26  Void Ray x3  
  47  9:04  Mothership Core  
  47  9:09  Stargate x2  
  49  9:12  Stargate  
  49  9:14  Void Ray x3  
  61  9:18  Pylon x2  
  61  9:28  Probe  
  62  9:39  Probe  
  63  9:46  Probe  
  63  9:47  Fleet Beacon  
  63  9:50  Probe  
  65  9:56  Void Ray  
  65  9:58  Probe, Twilight Council  
  70  10:10  Probe  
  70  10:12  Probe  
  72  10:24  Probe  
  73  10:33  Protoss Shields Level 2  
  73  10:42  Graviton Catapult, Protoss Air Armor Level 2 (Chrono Boost)  
  73  10:46  Protoss Air Weapons Level 2 (Chrono Boost)  
  79  11:10  Pylon  
  78  11:32  Probe  
  78  11:40  Carrier x2  
  78  11:44  Probe  
  74  13:10  Mothership Core  
Show
View Real Time Build Order
Export as new Build Order

ALx Protoss 

Build Orders:  

Get SALT Encoding   

  12  0:01  Probe (Chrono Boost)  
  13  0:11  Probe (Chrono Boost)  
  14  0:22  Pylon  
  14  0:33  Probe (Chrono Boost)  
  15  0:42  Gateway  
  15  0:48  Probe (Chrono Boost)  
  16  0:51  Assimilator  
  16  1:01  Probe (Chrono Boost)  
  17  1:10  Pylon  
  17  1:19  Assimilator  
  17  1:35  Cybernetics Core  
  17  1:36  Pylon  
  17  1:41  Probe (Chrono Boost)  
  18  1:51  Probe (Chrono Boost)  
  18  1:52  Zealot  
  21  2:02  Probe (Chrono Boost)  
  22  2:14  Stargate  
  22  2:17  Probe (Chrono Boost)  
  22  2:19  Zealot  
  25  2:27  Probe (Chrono Boost)  
  26  2:49  Zealot  
  28  2:54  Void Ray  
  32  3:08  Warp Gate (Chrono Boost)  
  32  3:32  Void Ray  
  36  3:48  Stargate  
  36  4:05  Pylon  
  36  4:06  Pylon  
  36  4:17  Void Ray  
  40  4:41  Nexus  
  40  4:47  Void Ray  
  44  4:58  Assimilator  
  44  5:00  Assimilator  
  44  5:15  Void Ray  
  44  5:28  Probe  
  49  5:40  Probe  
  50  5:48  Void Ray  
  54  5:52  Probe  
  55  6:17  Void Ray  
  37  7:36  Void Ray x2 (Chrono Boost)  
  37  8:07  Probe  
  38  8:14  Void Ray (Chrono Boost)  
  38  8:17  Void Ray (Chrono Boost)  
  38  8:19  Probe  
  21  8:42  Stargate  
  21  8:51  Phoenix (Chrono Boost)  
  25  8:58  Phoenix (Chrono Boost)  
  79  9:17  Phoenix (Chrono Boost)  
  27  9:23  Phoenix (Chrono Boost)  
Show
View Real Time Build Order
Export as new Build Order

atreides Terran 

Build Orders:  

Get SALT Encoding   

  12  0:32  SCV  
  13  0:39  Supply Depot  
  13  0:44  SCV  
  14  0:56  SCV  
  15  1:05  Barracks  
  15  1:08  SCV  
  16  1:20  SCV  
  17  1:43  SCV  
  17  1:46  Refinery  
  18  1:55  SCV  
  19  2:02  Marine  
  20  2:09  Supply Depot  
  20  2:13  SCV  
  21  2:16  Refinery  
  21  2:20  Marine  
  22  2:25  SCV  
  23  2:37  Engineering Bay  
  23  2:38  Marine, SCV  
  25  2:45  Command Center  
  25  2:50  SCV  
  26  2:55  Marine  
  27  3:02  SCV  
  28  3:09  Missile Turret  
  28  3:13  Marine  
  28  3:18  SCV  
  30  3:30  SCV  
  30  3:31  Missile Turret  
  31  3:40  Supply Depot  
  31  3:49  Factory  
  31  3:52  Missile Turret  
  31  3:54  Orbital Command  
  31  3:57  Marine  
  31  4:00  SCV  
  33  4:04  Supply Depot  
  33  4:12  SCV  
  33  4:14  Missile Turret, Marine  
  35  4:20  SCV  
  36  4:27  Supply Depot  
  36  4:32  Marine  
  37  4:46  SCV  
  37  4:50  Refinery  
  37  4:52  Factory Tech Lab  
  38  4:55  Factory  
  38  4:57  Missile Turret  
  38  4:58  SCV  
  39  5:09  Armory  
  39  5:10  SCV  
  40  5:15  Supply Depot  
  40  5:17  Missile Turret  
  40  5:22  SCV  
  41  5:30  Refinery  
  41  5:34  SCV  
  42  5:39  Missile Turret, Factory Tech Lab  
  42  5:42  Factory  
  42  5:46  SCV  
  43  5:54  Supply Depot  
  43  5:56  Armory  
  43  5:57  Thor  
  43  5:58  SCV  
  43  6:00  Missile Turret  
  50  6:10  SCV  
  51  6:17  Supply Depot  
  51  6:22  SCV  
  52  6:27  Factory Tech Lab  
  52  6:29  Thor  
  58  6:35  SCV, Factory  
  59  6:43  Supply Depot  
  60  6:47  SCV  
  60  6:57  Terran Vehicle Weapons Level 1  
  60  6:58  Terran Vehicle And Ship Armor Level 1  
  60  7:03  SCV  
  61  7:15  SCV  
  62  7:19  Thor x2  
  62  7:22  Factory Tech Lab  
  74  7:27  SCV  
  75  7:45  Hi-Sec Auto Tracking  
  75  7:50  Thor  
  81  8:19  Command Center  
  81  8:34  Thor x2  
  86  8:42  Building Armor  
  74  8:51  Thor  
  73  9:04  Thor  
  60  9:41  SCV  
  61  9:53  SCV  
  62  10:05  SCV  
  63  10:08  Terran Vehicle Weapons Level 2  
  63  10:10  Terran Vehicle And Ship Armor Level 2  
  63  10:15  Thor  
  63  10:18  SCV  
  70  10:30  SCV  
  71  10:42  SCV  
  72  10:44  Thor x2  
  84  10:54  SCV  
  85  11:06  SCV  
  86  11:18  SCV  
  87  11:24  Orbital Command  
  87  11:30  SCV  
  88  11:41  Thor  
  88  11:44  Supply Depot  
  94  11:58  Thor  
  100  12:06  Thor  
  100  12:07  Supply Depot  
Show
View Real Time Build Order
Export as new Build Order

Jhyrachy Zerg 

Build Orders: Hatch First 

Get SALT Encoding   

  12  0:02  Drone  
  13  0:14  Drone  
  13  0:19  Overlord  
  14  0:39  Drone x3  
  17  0:59  Hatchery  
  17  1:03  Extractor  
  15  1:10  Spawning Pool  
  14  1:14  Drone  
  15  1:29  Drone x2  
  15  1:30  Drone  
  18  1:41  Overlord  
  18  1:54  Drone  
  18  1:57  Queen  
  21  2:14  Drone x2  
  21  2:15  Drone  
  24  2:16  Queen  
  24  2:22  Drone  
  27  2:38  Lair  
  27  2:42  Overlord  
  27  2:44  Drone  
  28  2:46  Drone  
  29  2:51  Queen  
  31  3:04  Drone x2  
  31  3:05  Drone x2  
  35  3:20  Drone  
  35  3:21  Extractor  
  35  3:22  Drone x3  
  35  3:23  Overlord  
  38  3:30  Extractor  
  37  3:55  Spire  
  36  3:56  Drone  
  36  4:01  Hydralisk Den  
  36  4:10  Extractor  
  36  4:11  Drone x2  
  36  4:12  Drone  
  36  4:13  Drone x5  
  36  4:14  Drone x3  
  46  4:40  Hatchery, Lurker Den  
  46  4:43  Drone  
  46  4:45  Drone x2  
  47  4:46  Drone x2  
  50  4:54  Queen  
  52  5:06  Overlord x3  
  52  5:07  Overlord  
  52  5:10  Zerg Flyer Weapons Level 1  
  52  5:36  Drone  
  52  5:37  Drone x6  
  52  5:38  Drone x2  
  61  6:18  Mutalisk  
  61  6:19  Mutalisk x11  
  85  6:28  Overlord  
  85  6:45  Evolution Chamber  
  84  6:49  Evolution Chamber  
  83  7:40  Extractor x2  
  83  7:41  Drone x3  
  83  7:42  Drone  
  83  7:43  Drone x2  
  87  7:44  Drone x2  
  87  7:45  Drone x4  
  87  7:46  Drone x3  
  87  7:49  Overlord  
  87  7:50  Overlord x2  
  87  7:51  Overlord  
  96  7:53  Zerg Ground Armor Level 1, Zerg Missile Weapons Level 1  
  96  7:57  Zerg Flyer Armor Level 1  
  96  8:12  Hatchery  
  95  8:29  Extractor  
  95  8:31  Mutalisk x8  
  95  8:32  Mutalisk x3  
  116  8:35  Extractor  
  116  8:39  Hydralisk  
  116  8:40  Hydralisk x2  
  121  9:14  Lurker  
  122  9:17  Overlord x4  
  103  10:05  Mutalisk x4  
  103  10:06  Mutalisk x10  
  65  11:57  Hatchery  
  58  12:13  Hydralisk Den  
  51  12:40  Spawning Pool  
  41  12:53  Hydralisk x3  
  41  12:54  Hydralisk x19  
  41  12:55  Hydralisk x7  
Show
View Real Time Build Order
Export as new Build Order

StevieWonder Zerg - Winner!

Build Orders: Hatch First, Swarm Host 

Get SALT Encoding   

  12  0:20  Drone x2  
  14  0:35  Overlord  
  14  0:37  Extractor  
  14  0:38  Drone  
  15  0:51  Overlord  
  15  1:04  Drone x2  
  15  1:06  Hatchery  
  16  1:16  Drone  
  17  1:24  Spawning Pool  
  16  1:25  Drone  
  17  1:39  Drone  
  18  1:46  Extractor  
  17  1:48  Drone  
  18  2:05  Drone  
  19  2:11  Queen  
  19  2:14  Hatchery, Zergling x2  
  21  2:20  Drone x2  
  23  2:29  Spore Crawler  
  22  2:33  Drone x2  
  24  2:45  Drone x2  
  24  2:51  Queen  
  26  2:56  Spine Crawler  
  27  2:59  Drone  
  27  3:04  Drone x2  
  30  3:11  Drone  
  31  3:17  Spore Crawler  
  31  3:19  Queen  
  32  3:30  Queen  
  32  3:32  Drone  
  35  3:36  Drone  
  35  3:37  Drone  
  37  3:44  Drone, Overlord  
  38  3:51  Drone x3  
  41  3:57  Drone  
  41  4:01  Overlord  
  41  4:02  Overlord  
  42  4:13  Spine Crawler  
  41  4:20  Roach Warren  
  41  4:21  Extractor  
  41  4:22  Drone x4  
  43  4:27  Spore Crawler  
  42  4:35  Drone  
  42  4:36  Drone x5  
  48  4:44  Extractor  
  47  4:46  Evolution Chamber  
  47  4:49  Drone x4  
  50  5:00  Lair  
  50  5:08  Roach x4  
  50  5:09  Roach  
  60  5:15  Zerg Missile Weapons Level 1  
  60  5:17  Drone x3  
  63  5:22  Drone  
  63  5:23  Drone x2  
  63  5:27  Overlord x2  
  66  5:38  Spore Crawler, Overlord x2  
  65  5:43  Drone, Overlord  
  66  5:50  Overlord x2  
  66  5:51  Drone x2  
  68  5:57  Extractor  
  68  5:58  Extractor  
  65  6:13  Drone x4  
  65  6:14  Drone x3  
  65  6:15  Hydralisk Den  
  71  6:25  Pneumatized Carapace  
  71  6:36  Extractor  
  70  6:51  Hydralisk x8  
  70  6:52  Hydralisk  
  83  7:02  Hatchery  
  81  7:13  Hydralisk x4  
  81  7:14  Hydralisk x3  
  89  7:23  Hydralisk  
  81  7:32  Overlord  
  81  7:33  Overlord x2  
  79  7:56  Spore Crawler  
  79  7:57  Hydralisk x4  
  86  8:06  Glial Reconstitution  
  86  8:07  Hatchery  
  86  8:11  Hydralisk  
  87  8:16  Spore Crawler  
  87  8:17  Drone x5  
  87  8:18  Drone x3  
  94  8:22  Extractor  
  94  8:25  Extractor, Hydralisk  
  94  8:31  Drone x2  
  96  8:41  Zerg Missile Weapons Level 2  
  96  8:44  Overlord  
  96  8:45  Overlord x2  
  96  8:52  Drone  
  96  8:53  Drone x2  
  99  9:08  Hydralisk x5  
  99  9:09  Hydralisk x2  
  113  9:26  Hydralisk x6  
  107  9:38  Hydralisk x2  
  107  9:39  Hydralisk x2  
  107  9:44  Drone x3  
  118  10:01  Drone x6  
  88  10:39  Overseer x4  
  88  10:41  Hydralisk x5, Muscular Augments  
  88  10:42  Hydralisk x7  
  92  10:49  Drone  
  101  10:50  Extractor, Queen  
  102  10:58  Zerg Ground Armor Level 1  
  102  10:59  Infestation Pit  
  102  11:03  Drone x3  
  102  11:04  Drone x3  
  107  11:11  Spore Crawler  
  107  11:12  Hydralisk  
  107  11:13  Hydralisk x3  
  114  11:24  Hydralisk x4  
  122  11:31  Drone x6  
  122  11:32  Drone  
  129  11:39  Hive  
  129  11:45  Hydralisk  
  129  11:46  Hydralisk x3  
  131  12:15  Hydralisk  
  131  12:16  Hydralisk x8  
  131  12:17  Hydralisk x4  
  151  12:56  Overlord x2  
  151  12:57  Swarm Host x5, Overlord  
  151  12:58  Swarm Host x3  
Show
View Real Time Build Order
Export as new Build Order

nctom Terran - Winner!

Build Orders: Command Center First (CC) 

Get SALT Encoding   

  12  0:03  SCV  
  13  0:15  SCV  
  14  0:27  SCV  
  15  0:51  Command Center  
  15  1:05  Supply Depot  
  15  1:11  Refinery  
  15  1:14  Refinery  
  15  1:27  SCV  
  16  1:36  Barracks  
  16  1:39  SCV  
  17  1:51  SCV  
  18  1:54  Engineering Bay  
  18  2:06  SCV  
  19  2:09  SCV  
  20  2:22  SCV  
  21  2:23  SCV  
  22  2:30  Factory  
  22  2:34  SCV  
  22  2:35  Marine  
  24  2:48  Barracks  
  24  2:52  SCV  
  24  2:58  SCV  
  26  3:04  SCV  
  27  3:10  Missile Turret  
  27  3:16  SCV  
  27  3:19  Marine  
  29  3:22  Planetary Fortress  
  29  3:25  Factory Tech Lab  
  29  3:28  SCV  
  30  3:42  Marine, Barracks  
  30  3:43  Marine  
  32  3:51  Siege Tank  
  35  4:04  Starport  
  35  4:05  SCV  
  36  4:12  Marine x2  
  38  4:22  Refinery  
  38  4:31  Missile Turret  
  38  4:34  Orbital Command  
  38  4:42  Supply Depot  
  38  4:47  Barracks Tech Lab  
  38  4:49  Barracks Tech Lab  
  38  4:58  Barracks Reactor  
  38  5:02  Missile Turret  
  38  5:04  SCV  
  39  5:15  Missile Turret  
  39  5:20  SCV  
  40  5:23  Starport Reactor  
  40  5:26  Missile Turret  
  40  5:32  SCV  
  40  5:34  Siege Tank  
  40  5:35  Missile Turret  
  44  5:40  Combat Shields  
  44  5:45  SCV  
  45  5:55  Missile Turret  
  46  5:57  SCV  
  46  5:58  Supply Depot  
  46  6:01  Supply Depot  
  46  6:09  SCV  
  47  6:15  Viking x2  
  51  6:21  SCV  
  52  6:30  Siege Tank  
  55  6:32  Sensor Tower  
  55  6:33  SCV  
  55  6:39  Refinery  
  56  6:44  Missile Turret  
  56  6:45  SCV  
  57  6:53  Viking x2  
  61  6:57  SCV  
  62  7:09  SCV  
  63  7:21  SCV  
  64  8:21  Viking x2  
  64  8:42  Armory  
  64  8:50  Viking  
  64  8:51  Viking  
  64  8:52  Supply Depot  
  64  8:53  Supply Depot x2  
  64  8:54  Supply Depot  
  68  9:19  Terran Infantry Weapons Level 1  
  68  9:20  Viking  
  68  9:21  Viking  
  72  9:24  Marine x2  
  72  9:25  Marine x2  
  76  9:42  Marine x3  
  76  9:43  Marine  
  76  9:44  Thor  
  86  9:50  Viking  
  86  9:51  Viking  
  86  9:52  Fusion Core  
  90  9:54  Terran Vehicle And Ship Armor Level 1  
  90  10:00  Marine x4  
  94  10:07  Supply Depot  
  94  10:13  Stimpack  
  94  10:18  Marine x4  
  94  10:20  Viking x2  
  102  10:29  Thor  
  102  10:30  Supply Depot  
  102  10:32  Factory  
  108  10:36  Marine x2  
  110  10:45  Marine x2  
  112  10:52  Supply Depot  
  112  10:53  Marine, Viking x2  
  112  10:54  Marine  
  118  11:03  Marine x2  
  120  11:11  Marine x2  
  120  11:17  Factory Reactor  
  122  11:21  Marine x2  
  124  11:27  Medivac  
  124  11:28  Medivac  
  124  11:29  Marine x2  
  130  11:33  Widow Mine  
  130  11:38  Marine x2  
  134  11:47  Marine x2  
  136  11:56  Widow Mine x2, Marine x2  
  142  12:02  Widow Mine  
  144  12:24  Widow Mine  
  144  12:25  Widow Mine  
  148  12:30  Widow Mine  
  150  12:53  Widow Mine x2  
  146  12:59  Widow Mine  
Show
View Real Time Build Order
Export as new Build Order

VLxALEX Protoss - Winner!

Build Orders:  

Get SALT Encoding   

  12  0:35  Pylon  
  12  0:46  Probe (Chrono Boost)  
  13  0:57  Probe (Chrono Boost), Forge  
  14  1:07  Probe (Chrono Boost)  
  15  1:18  Probe (Chrono Boost)  
  16  1:26  Pylon  
  16  1:28  Probe (Chrono Boost)  
  17  1:34  Pylon  
  17  1:48  Photon Cannon  
  16  2:34  Assimilator  
  16  2:35  Nexus  
  16  2:39  Assimilator  
  16  2:59  Nexus  
  16  3:09  Probe (Chrono Boost)  
  17  3:15  Gateway  
  17  3:17  Pylon  
  18  3:20  Probe (Chrono Boost)  
  18  3:30  Probe (Chrono Boost)  
  19  3:41  Probe (Chrono Boost)  
  21  3:48  Probe (Chrono Boost)  
  21  3:51  Probe (Chrono Boost)  
  22  3:59  Probe (Chrono Boost)  
  22  4:02  Probe (Chrono Boost)  
  24  4:09  Probe (Chrono Boost)  
  25  4:10  Cybernetics Core  
  25  4:12  Probe (Chrono Boost)  
  25  4:16  Probe (Chrono Boost)  
  27  4:20  Probe (Chrono Boost)  
  27  4:23  Probe (Chrono Boost)  
  29  4:27  Probe (Chrono Boost)  
  29  4:30  Probe (Chrono Boost)  
  31  4:33  Probe (Chrono Boost)  
  31  4:37  Probe (Chrono Boost)  
  33  4:39  Protoss Shields Level 1  
  33  4:41  Probe (Chrono Boost)  
  33  4:44  Probe (Chrono Boost)  
  35  4:48  Probe (Chrono Boost)  
  35  4:49  Stargate  
  35  4:50  Protoss Air Weapons Level 1  
  36  4:54  Probe (Chrono Boost)  
  36  4:56  Probe (Chrono Boost)  
  36  4:58  Probe (Chrono Boost)  
  36  4:59  Assimilator  
  39  5:07  Probe (Chrono Boost)  
  40  5:09  Probe (Chrono Boost)  
  41  5:16  Assimilator  
  41  5:19  Probe (Chrono Boost)  
  42  5:27  Stargate  
  42  5:30  Probe (Chrono Boost)  
  42  5:32  Pylon  
  43  5:40  Probe (Chrono Boost)  
  44  5:50  Assimilator  
  44  5:51  Probe (Chrono Boost)  
  44  5:53  Assimilator  
  45  5:58  Probe (Chrono Boost)  
  45  6:01  Probe (Chrono Boost)  
  47  6:08  Stargate  
  47  6:09  Probe (Chrono Boost)  
  48  6:12  Probe (Chrono Boost)  
  48  6:17  Stargate  
  49  6:19  Stargate, Probe (Chrono Boost)  
  49  6:22  Pylon  
  49  6:24  Pylon  
  50  6:27  Pylon  
  50  6:29  Void Ray x2  
  58  6:36  Probe (Chrono Boost)  
  59  6:41  Probe (Chrono Boost)  
  59  6:46  Probe (Chrono Boost)  
  61  6:52  Probe (Chrono Boost)  
  62  6:57  Probe (Chrono Boost), Void Ray  
  67  7:01  Void Ray  
  67  7:02  Probe (Chrono Boost), Void Ray  
  76  7:14  Protoss Air Armor Level 1  
  76  7:38  Void Ray x2  
  76  7:43  Void Ray  
  88  7:48  Zealot  
  90  8:00  Pylon  
  90  8:03  Pylon  
  90  8:05  Pylon  
  90  8:07  Pylon  
  90  8:09  Pylon  
  90  8:10  Pylon  
  90  8:12  Pylon  
  90  8:13  Pylon  
  90  8:16  Zealot  
  90  8:17  Void Ray x2, Pylon  
  100  8:43  Zealot  
  98  9:10  Zealot  
  92  9:37  Void Ray x4, Zealot  
  110  9:38  Void Ray  
  110  9:43  Mothership Core (Chrono Boost)  
  116  9:48  Fleet Beacon  
  116  10:03  Twilight Council  
  116  10:06  Cybernetics Core  
  116  10:11  Stargate  
  116  10:21  Stargate  
  116  10:43  Protoss Air Weapons Level 2  
  116  10:44  Protoss Air Armor Level 2  
  116  10:45  Protoss Shields Level 2  
  122  10:50  Void Ray  
  122  10:51  Void Ray  
  130  10:58  Pylon  
  130  11:00  Pylon  
  130  11:03  Pylon  
  130  11:05  Pylon  
  130  11:07  Pylon  
  130  11:11  Pylon  
  120  11:29  Void Ray  
  120  11:30  Void Ray x4  
  140  11:54  Void Ray  
  140  11:55  Void Ray  
Show
View Real Time Build Order
Export as new Build Order

Alari Terran - Winner!

Build Orders: MMM Bio 

Get SALT Encoding   

  12  1:23  SCV  
  13  1:29  Supply Depot  
  13  1:35  SCV  
  14  1:47  Command Center, SCV  
  14  1:49  Refinery  
  14  1:52  Refinery  
  14  1:53  Barracks  
  15  1:58  Barracks  
  15  1:59  SCV  
  16  2:05  Barracks  
  16  2:11  SCV  
  17  2:23  SCV  
  18  2:41  Orbital Command  
  18  2:42  Marine  
  19  2:49  Marine, Supply Depot  
  20  2:56  Barracks Tech Lab  
  20  3:09  Orbital Command  
  20  3:28  SCV  
  20  3:30  Barracks Tech Lab  
  20  3:31  Barracks Reactor  
  20  3:33  Marauder  
  23  3:39  SCV  
  23  3:40  SCV  
  25  3:51  SCV  
  25  3:53  Factory  
  28  3:55  Marauder  
  28  4:02  Marauder  
  30  4:05  Concussive Shells  
  30  4:09  Marine x2  
  32  4:15  SCV x2  
  34  4:27  SCV  
  34  4:28  Marauder x2  
  34  4:29  Marine x2  
  41  4:32  SCV  
  42  4:41  Supply Depot, Factory Tech Lab  
  42  4:47  Marine  
  42  4:51  Starport  
  43  4:53  Stimpack  
  43  4:59  SCV x2  
  45  5:04  Supply Depot  
  45  5:07  Siege Tank  
  48  5:15  Marauder x2  
  52  5:29  Starport Reactor  
  52  5:36  SCV x2  
  52  5:39  Supply Depot  
  54  5:44  Engineering Bay  
  54  5:59  Marauder, Marine x2  
  54  6:00  Marauder  
  54  6:01  Siege Tank  
  57  6:17  Marine x2  
  43  6:20  Marine  
  43  6:22  Viking  
  43  6:23  Marine, Viking  
  47  6:30  Armory  
  47  6:35  Marine x2  
  47  6:38  Marine  
  50  6:41  Marine  
  51  6:52  Medivac  
  51  6:53  Marine x2  
  55  6:58  Refinery  
  55  7:01  Marine x2  
  55  7:02  Refinery  
  55  7:11  Marine x2  
  41  7:19  Marine x2  
  41  7:26  Thor  
  41  7:28  Marine  
  41  7:29  Marine  
  49  7:31  Medivac  
  49  7:36  Marine  
  49  7:37  Marine  
  51  7:40  Missile Turret  
  51  7:42  Missile Turret  
  53  7:46  Marine  
  54  7:53  Marine  
  54  7:54  Marine x2  
  54  7:56  Viking  
  59  8:01  Viking  
  59  8:04  Marine  
  62  8:10  Marine  
  62  8:12  Marine  
  64  8:15  Marine  
  64  8:18  Terran Infantry Weapons Level 1  
  65  8:21  Combat Shields  
  65  8:22  Marine  
  65  8:26  Missile Turret, Viking  
  68  8:28  Missile Turret, Marine  
  68  8:30  Marine  
  68  8:31  Viking  
  72  8:39  Thor  
  78  9:23  Marine x4, Medivac x2  
  84  9:41  Marine x2  
  86  10:02  Marine x4, Supply Depot  
  90  10:19  Marine x2  
  92  10:23  Viking  
  92  10:24  Thor, Viking  
  92  10:27  Supply Depot  
  102  10:34  Supply Depot  
  102  10:38  Terran Infantry Weapons Level 2  
  102  10:49  Supply Depot  
  78  10:57  Supply Depot  
  71  11:12  Marauder x2, Marine x2  
  67  11:21  Supply Depot  
  65  11:30  Marine x2  
  67  11:33  Marine  
  67  11:35  Marine  
  69  11:48  Marine x2  
  69  11:51  Marine  
  52  12:12  Medivac x2  
  52  12:14  Thor  
  53  12:25  Marine x4  
  57  12:43  Marine x2  
  59  12:54  Marine  
  59  12:56  Barracks Reactor  
  66  13:00  Marine  
  66  13:02  Viking  
Tags
 
Add a new tag
Caveats
  • Supply blocks, unpowered buildings, or Contaminate may cause inaccurate times.
  • Supply counts are checked every 10 seconds.